 Dungeon Crawl Stone Soup version 0.30-b1-2-g02819fbbbe (webtiles) character file.

Game seed: 5701379036065268918

548776 LLlMATKO the Executioner (level 24, -8/243 HPs)
             Began as a Minotaur Berserker on Sept 4, 2023.
             Was a High Priest of Trog.
             Constricted to death by a tentacled monstrosity (9 damage)
             ... on level 1 of the Realm of Zot.
             The game lasted 01:33:43 (70183 turns).

LLlMATKO the Executioner (Minotaur Berserker)      Turns: 70183, Time: 01:33:43

Health: -8/243     AC: 23    Str: 34    XL:     24   Next: 98%
Magic:  22/22      EV: 13    Int:  2    God:    Trog [*****.]
Gold:   8351       SH: 27    Dex: 13    Spells: 23/23 levels left

rFire   + + +        W - +16 obsidian axe {drain, demonic, Mesm Drain Fly SInv}
rCold   + + +        w - +0 tower shield
rNeg    + . .        i - +7 gold dragon scales
rPois   +            j - +1 hat {Will+}
rElec   .            q - scarf {rC+ rF+}
rCorr   .            T - +0 pair of gloves {Str+3}
SInv    +            I - +0 pair of boots
Will    +++++        Q - amulet of reflection Stlth
                     p - ring "Tiawn" {rPois rF+ rC+ Int-2 Stlth+}
HPRegen 1.60/turn    J - ring of Ter Kir {rN+ Will++}
MPRegen 0.18/turn

%: random rage (3%), reflection
@: lethally poisoned (-8 -> -9), strong-willed (expiring), corroded, on berserk
cooldown, flying, mesmerised, regenerating (expiring), slowed, constricted,
studying Unarmed Combat, very slow
A: horns 2, retaliatory headbutt, berserk 1, deformed body, evolution 1
}: 3/15 runes: decaying, silver, gossamer
a: Renounce Religion, Berserk, Trog's Hand, Brothers in Arms


You were on level 1 of the Realm of Zot.
You worshipped Trog.
Trog was extremely pleased with you.
You visited 10 branches of the dungeon, and saw 46 of its levels.
You also visited: Sewer and Gauntlet.

You collected 8853 gold pieces.
You spent 502 gold pieces at shops.

Inventory:

Hand Weapons
 M - a +3 heavy broad axe
 W - the +16 obsidian axe (weapon) {drain, demonic, Mesm Drain Fly SInv}
   (You found it on level 1 of the Spider Nest)

   Mesm:      Its wielder is mesmerised by any visible foes, and it cannot be
   unequipped while any foes are visible.
   SInv:      It lets you see invisible.
   Fly:       It grants you flight.
   Drain:     It drains your maximum health when unequipped.
Missiles
 n - 5 throwing nets
 C - 15 silver javelins (quivered)
 O - 15 atropa-tipped darts
 S - 7 javelins
Armour
 i - +7 gold dragon scales (worn)
 j - a +1 hat of willpower (worn)
 q - a scarf of resistance (worn)
 w - a +0 tower shield (worn)
 I - a +0 pair of boots (worn)
 P - a +2 cloak of preservation
 T - a +0 pair of gloves of strength (worn)
Jewellery
 c - a ring of positive energy
 p - the ring "Tiawn" (left hand) {rPois rF+ rC+ Int-2 Stlth+}
   (You found it on level 4 of the Depths)

   [ring of poison resistance]

   Int:       It affects your intelligence (-2).
   rF:        It protects you from fire.
   rC:        It protects you from cold.
   rPois:     It protects you from poison.
   Stlth:     It makes you more stealthy.
 y - the ring "Ydwul" {Will+ Str+6 Int+5}
   (You took it off a deep elf death mage on level 5 of the Vaults)

   [ring of strength]

   Str:       It affects your strength (+6).
   Int:       It affects your intelligence (+5).
   Will:      It increases your willpower.
 A - a ring of protection from fire
 H - the ring of the Five Runes {+Blink rN+ Dex+3}
   (You found it on level 3 of the Crypt)

   [ring of positive energy]

   Dex:       It affects your dexterity (+3).
   rN:        It protects you from negative energy.
   +Blink:    It lets you blink.
 J - the ring of Ter Kir (right hand) {rN+ Will++}
   (You found it on level 3 of the Crypt)

   [ring of positive energy]

   rN:        It protects you from negative energy.
   Will:      It greatly increases your willpower.
 Q - an amulet of reflection (around neck)
 R - a ring of protection from cold
Wands
 h - a wand of quicksilver (25)
 r - a wand of iceblast (67)
 s - a wand of polymorph (27)
 t - a wand of flame (99)
 x - a wand of mindburst (32)
 D - a wand of digging (34)
 L - a wand of charming (77)
Scrolls
 a - 2 scrolls of magic mapping
 b - 7 scrolls of blinking
 d - 9 scrolls of fog
 f - 15 scrolls of teleportation
 g - 9 scrolls of enchant weapon
 l - 31 scrolls of identify
 m - 9 scrolls of vulnerability
 v - 4 scrolls of fear
 z - 6 scrolls of immolation
 B - a scroll of silence
 E - 11 scrolls of poison
 G - 2 scrolls of brand weapon
 X - 8 scrolls of noise
Potions
 e - 23 potions of curing
 k - 14 potions of heal wounds
 o - 4 potions of magic
 u - 6 potions of invisibility
 F - 4 potions of berserk rage {unknown}
 K - 3 potions of cancellation
 N - 12 potions of haste
 U - 11 potions of might
 V - 6 potions of resistance
 Y - 13 potions of ambrosia
 Z - 8 potions of flight


   Skills:
 + Level 25.2 Fighting
 + Level 25.2 Axes
 + Level 25.1 Armour
 + Level 23.3 Dodging
 + Level 22.1 Shields


You had 23 spell levels left.
You didn't know any spells.
Your spell library was empty.

Dungeon Overview and Level Annotations

Branches:
Dungeon (15/15)            Temple (0/1) D:7            Lair (5/5) D:8
  Swamp (4/4) Lair:2       Spider (4/4) Lair:3        Slime (0/5) Lair:5
    Orc (2/2) D:11            Elf (3/3) Orc:2        Vaults (5/5) D:14
  Crypt (3/3) Vaults:3       Tomb (0/3) Crypt:3      Depths (4/4) D:15
    Zot (1/5) Depths:4      Sewer (visited)         Gauntlet (visited)

Altars:
Cheibriados
Fedhas
Gozag
Kikubaaqudgha
Makhleb
Okawaru
Qazlal
Sif Muna
Trog
Vehumet
Wu Jian
Xom
Yredelemnul
The Shining One
Jiyva

Shops:
D:10 (   D:11 !!=!*   D:13 **   D:14 (   Orc:2 :(*[   Elf:1 [   Vaults:2 (
Vaults:3 [   Vaults:5 ?[!   Depths:1 =:=

Portals:
Hell: Lair:5 Depths:1 Depths:2 Depths:3 Depths:4
Abyss: Depths:3
Pandemonium: Depths:1 Depths:2
Ziggurat: Depths:2


Innate Abilities, Weirdness & Mutations

You have a pair of horns on your head.
You reflexively headbutt those who attack you in melee.
You sometimes lose your temper in combat.
Armour fits poorly on your strangely shaped body.
You have hidden genetic potential.


Message History

The yellow draconian annihilator easily resists.
The red draconian scorcher resists with almost no effort.
The green draconian looks frightened!
The green draconian monk is unaffected.
The black draconian knight looks frightened!
You feel the effects of Trog's Hand fading.
You feel sick.
Your sun demon hits the yellow draconian annihilator!
The yellow draconian annihilator is engulfed in flames!!
The red draconian scorcher hits you but does no damage.
Your soul eater hits the tentacled monstrosity!!
You block the tentacled monstrosity's attack. x2
The tentacled monstrosity tentacle-slaps you.
* * * LOW HITPOINT WARNING * * *
The tentacled monstrosity constricts you!
* * * LOW HITPOINT WARNING * * *
The green draconian monk closely misses you.
You furiously retaliate!
You headbutt the green draconian monk, but do no damage.
The green draconian monk kicks you.
* * * LOW HITPOINT WARNING * * *
You block the green draconian monk's attack.
The green draconian monk tail-slaps you!
* * * LOW HITPOINT WARNING * * *
Your sun demon hits the yellow draconian annihilator.
The yellow draconian annihilator is engulfed in flames!
The yellow draconian annihilator spits acid at you.
The glob of acid hits you!!
* * * LOW HITPOINT WARNING * * *
The acid corrodes you!
Your soul eater hits the tentacled monstrosity.
The red draconian scorcher breathes fire at you.
The searing blast hits you. You resist.
* * * LOW HITPOINT WARNING * * *
The tentacled monstrosity completely misses you.
You furiously retaliate!
You headbutt the tentacled monstrosity, but do no damage.
You block the tentacled monstrosity's attack.
The tentacled monstrosity tentacle-slaps you but does no damage.
The tentacled monstrosity constricts you!
You die...

.... ..# .... #....
..###.... ##....
......... ..
..#...##.....d..
.......##...............
#.......##.>.......q..
..........###.°†qq.#
...........##.q°@X.#
#...........#.3..3°##.
#...........))...°.......
#...........)...........
#...[....○.[.§.........
##..).[................
##.)....##............
##.....#####.........
##......#...........


You could see a tentacled monstrosity, a green draconian monk (berserk,
drained), a black draconian knight (fast, invisible, fleeing), a green draconian
(fleeing), a yellow draconian annihilator (catching breath, ally target), a red
draconian scorcher (mesmerising, catching breath, ally target), a friendly soul
eater (summoned, extremely poisoned) and a friendly sun demon (summoned,
corroded).

Vanquished Creatures
  2 dread liches
  A juggernaut (Depths:4)
  Sojobo (Depths:2)
  A royal mummy (Depths:3)
  Vv (Crypt:3)
  the Lernaean hydra (Swamp:4)
  Saint Roka (Orc:2)
  6 caustic shrikes (Depths:4)
  The ghost of Termiter the Thanatomancer, a veteran DsNe of Nemelex Xobeh (Depths:2)
  A curse toe (Crypt:3)
  3 golden dragons
  The ghost of Zonian the Slayer, an adept HOFi of Beogh (Vaults:2)
  Nikola (Spider:3)
  2 bone dragons
  Arachne (Spider:4)
  Rupert (D:14)
  Jorgrun (Spider:3)
  6 liches
  5 tentacled monstrosities
  3 quicksilver dragons
  Asterion (Elf:1)
  3 deep elf blademasters
  6 titans
  A deep elf master archer (Elf:3)
  5 ancient champions
  2 death cobs (Zot:1)
  The ghost of Termiter the Necromancer, an adept DsNe of Nemelex Xobeh (Swamp:4)
  An eldritch tentacle (Vaults:1)
  An acid blob (Depths:2)
  3 sphinxes
  8 shadow dragons
  3 thorn hunters
  3 storm dragons
  2 draconian monks (Zot:1)
  2 revenants
  7 tengu reavers
  2 daevas (Depths:2)
  The ghost of Gasan the Dealer of Despair, a journeyman DrFE of Kikubaaqudgha (D:13)
  A fenstrider witch (Swamp:4)
  5 fire giants
  2 rockslimes (Depths:2)
  5 frost giants
  5 emperor scorpions
  7 deep elf sorcerers
  A draconian knight (Depths:4)
  A balrug (Depths:2)
  18 vault wardens
  A caustic shrike zombie (Crypt:2)
  Aizul (Elf:3)
  2 draconian scorchers (Zot:1)
  3 iron dragons
  Louise (Spider:2)
  A ghost moth (shapeshifter) (Vaults:5)
  A juggernaut zombie (Crypt:3)
  3 spectral caustic shrikes
  A draconian shifter (Zot:1)
  An angel (Depths:2)
  3 curse skulls
  28 very ugly things
  2 deep elf elementalists (Elf:3)
  3 broodmothers
  2 orc warlords
  3 war gargoyles
  3 ghost moths
  A quicksilver ooze (Depths:2)
  17 ironbound preservers
  6 ghouls
  A spriggan defender (Depths:2)
  10 stone giants
  8 ironbound thunderhulks
  7 deep elf demonologists
  10 vampire knights
  Azrael (Orc:2)
  4 dire elephants
  4 deep elf annihilators (Elf:3)
  A minotaur (Gauntlet)
  2 spectral titans (Depths:3)
  A red draconian (Zot:1)
  An eleionoma (Swamp:3)
  3 yellow draconians
  5 spark wasps
  4 black draconians
  2 purple draconians (Depths:4)
  2 crystal guardians (Depths:4)
  7 bunyips
  A quicksilver dragon zombie (Crypt:2)
  13 yaktaur captains
  9 deep elf death magi
  4 eidola
  A spectral quicksilver dragon (Depths:3)
  An ettin (shapeshifter) (D:13)
  A spriggan zombie (Crypt:2)
  2 shambling mangroves (Swamp:3)
  2 mummy priests
  Josephine (D:14)
  A blizzard demon (Depths:3)
  8 ettins
  12 jiangshi
  6 fire dragons
  4 entropy weavers
  6 great orbs of eyes
  A rakshasa (Depths:3)
  8 deep elf high priests
  4 spriggan air magi
  6 ice dragons
  2 spectral tengu (Depths:3)
  2 catoblepae (Lair:5)
  A spectral spriggan (Depths:3)
  A peacekeeper (Vaults:3)
  A spectral shadow dragon (Depths:3)
  A jorogumo (Spider:2)
  30 vault guards
  Erica (D:8)
  11 centaur warriors
  18 hydras
  2 radroaches
  3 two-headed ogres
  A juggernaut simulacrum (Depths:2)
  A hell beast (Depths:1)
  7 alligators
  4 death knights
  7 ironbound frosthearts
  A hell hog (Depths:1)
  A spectral frost giant (Depths:3)
  4 deep troll shamans (Depths:2)
  17 dancing weapons
  5 orc high priests (Orc:2)
  2 titan zombies
  A deep troll earth mage (Vaults:5)
  8 boulder beetles
  12 vampire magi
  7 death yaks (Lair:4)
  Urug (Lair:5)
  2 storm dragon zombies (Crypt:1)
  3 tengu warriors
  5 spriggan berserkers
  A soul eater (Crypt:2)
  13 deep elf knights
  An emperor scorpion zombie (Crypt:1)
  12 spriggans
  A sun demon (Lair:5)
  A skyshark (Lair:5)
  A sun moth (Spider:3)
  Amaemon (D:8)
  5 shadow wraiths
  A fire crab (shapeshifter) (D:14)
  4 pharaoh ants
  A spectral spark wasp (Depths:3)
  2 spriggan druids
  A golden dragon zombie (Depths:2)
  7 goliath frogs
  15 skeletal warriors
  A spectral iron dragon (Depths:3)
  4 glowing orange brains
  6 swamp dragons
  8 flayed ghosts
  An anaconda zombie (Crypt:1)
  7 bog bodies
  A glowing orange brain (shapeshifter) (Depths:1)
  39 deep trolls
  6 orb spiders
  10 phantasmal warriors
  6 steelbarb worms
  11 wizards
  23 deep elf zephyrmancers
  9 orc knights
  15 ironbound convokers
  9 lindwurms
  Pikel (D:4)
  4 necromancers
  5 deep elf archers
  23 deep elf pyromancers
  An orc sorcerer (Orc:2)
  A stone giant zombie (Vaults:4)
  9 wolf spiders
  7 manticores
  A fire giant zombie (Depths:1)
  A salamander (shapeshifter) (D:14)
  A wolf spider (shapeshifter) (Depths:4)
  8 cyclopes
  A human zombie (Vaults:4)
  A manticore (shapeshifter) (Vaults:5)
  3 will-o-the-wisps (Swamp:4)
  44 ugly things
  A shadow dragon zombie (Crypt:1)
  A sphinx skeleton (Vaults:3)
  A mana viper (shapeshifter) (Vaults:5)
  2 worldbinders (Vaults:1)
  7 black mambas
  4 moths of wrath
  2 tengu skeletons (Vaults:3)
  2 elephants (Lair:4)
  A dire elephant zombie (Crypt:1)
  An eye of devastation (Depths:2)
  A black mamba (shapeshifter) (D:14)
  6 demonic crawlers
  An apocalypse crab (Gauntlet)
  17 vault sentinels
  Joseph (D:10)
  14 cane toads
  A stone giant skeleton (Vaults:4)
  A frost giant skeleton (Vaults:3)
  2 orange demons
  3 torpor snails
  A smoke demon (Lair:5)
  9 gargoyles
  5 freezing wraiths
  6 rime drakes (Lair:5)
  An efreet (D:15)
  12 komodo dragons
  27 yaktaurs
  3 tengu conjurers
  2 green draconian skeletons (Crypt:3)
  9 guardian mummies
  2 ice devils (Lair:5)
  A white draconian skeleton (Crypt:1)
  A steelbarb worm zombie (Crypt:3)
  A red draconian skeleton (Crypt:2)
  4 human skeletons (Vaults:3)
  A meliai (shapeshifter) (Vaults:5)
  A spriggan skeleton (Depths:1)
  A spectral glowing shapeshifter (Depths:3)
  9 trolls
  A troll (shapeshifter) (D:13)
  8 meliai
  A polar bear (Lair:4)
  8 tyrant leeches
  Grinder (D:4)
  2 red devils (Lair:5)
  A queen bee (Lair:4)
  4 blink frogs (Vaults:1)
  A culicivora zombie (Crypt:1)
  12 tarantellas
  A dream sheep (Lair:5)
  A stone giant simulacrum (Vaults:2)
  2 ettin zombies
  2 harpy skeletons (Crypt:2)
  14 hornets
  Prince Ribbit (D:7)
  6 flying skulls
  19 slime creatures
  7 wraiths
  2 air elementals
  18 jumping spiders
  Sigmund (D:2)
  12 culicivoras
  5 shadows
  6 water elementals
  An ettin skeleton (Vaults:3)
  18 humans
  A fire dragon skeleton (Crypt:1)
  5 wyverns
  3 vampires (D:12)
  Grum (D:8)
  59 yaks
  Eustachio (D:5)
  9 basilisks
  2 steam dragons
  3 fire elementals
  30 redbacks
  2 spatial vortices (Vaults:1)
  11 vampire mosquitoes
  15 swamp worms
  5 acid dragons
  5 wargs (Orc:1)
  Edmund (D:5)
  18 water moccasins
  Duvessa (D:6)
  2 floating eyes (shapeshifter)
  2 glowing shapeshifter skeletons (Vaults:3)
  6 hell hounds
  An ogre skeleton (Vaults:3)
  A meliai simulacrum (D:14)
  8 swamp drakes
  A sky beast (D:6)
  35 orc warriors
  A faun skeleton (Crypt:1)
  3 black bears
  A swamp dragon zombie (Crypt:1)
  10 ogres
  8 boggarts
  An elephant skeleton (Crypt:1)
  6 wolves
  16 centaurs
  A manticore skeleton (Crypt:3)
  A hog zombie (Crypt:3)
  A lemure (D:4)
  2 phantoms (D:5)
  A vine stalker zombie (Crypt:2)
  A komodo dragon zombie (Crypt:1)
  15 bullfrogs
  6 necrophages
  5 earth elementals
  5 wights (D:6)
  A warg zombie (Crypt:3)
  2 yak zombies
  A cyclops skeleton (Crypt:3)
  4 small abominations (Gauntlet)
  Dowan (D:6)
  38 killer bees
  A troll skeleton (Crypt:1)
  4 electric eels
  4 howler monkeys
  4 hounds
  4 jellies
  A gnoll bouda (Orc:1)
  35 orc priests
  Crazy Yiuf (D:4)
  3 sleepcaps
  15 iguanas
  31 orc wizards
  A hell rat (Sewer)
  An ogre zombie (Crypt:2)
  A naga skeleton (Crypt:2)
  12 gnolls
  A steam dragon zombie (Crypt:1)
  6 adders
  4 river rats (Sewer)
  A white imp (D:6)
  An ufetubus (D:6)
  An adder skeleton (Crypt:2)
  2 worms
  5 dart slugs
  115 orcs
  7 ball pythons
  2 bat zombies (D:11)
  11 endoplasms
  3 giant cockroaches
  6 goblins
  9 hobgoblins
  A quokka (D:4)
  A bat (D:2)
  18 frilled lizards
  5 kobolds
  8 rats
  8 briar patches (Swamp:2)
  A spectral weapon (Elf:3)
1893 creatures vanquished.

Vanquished Creatures (collateral kills)
  The ghost of mantisjm the Hoplite, a veteran HOFi of Qazlal (Vaults:1)
  A shard shrike zombie (Crypt:2)
  A lich (Crypt:3)
  A titan (Vaults:5)
  An acid blob (Depths:2)
  A quicksilver dragon (Vaults:5)
  A sphinx (shapeshifter) (Vaults:5)
  An ancient champion (Crypt:3)
  A shadow dragon (Vaults:2)
  A revenant (Crypt:1)
  A thorn hunter (Swamp:4)
  An azure jelly (Depths:2)
  2 rockslimes (Depths:2)
  A deep elf sorcerer (Vaults:5)
  2 fire giants
  An emperor scorpion (Spider:4)
  3 vault wardens
  A juggernaut zombie (Depths:2)
  4 ironbound preservers
  2 very ugly things
  A draconian annihilator (Depths:4)
  2 spectral caustic shrikes
  A war gargoyle (Vaults:5)
  3 vampire knights
  4 stone giants
  A green draconian (Depths:4)
  2 deep elf demonologists
  A dire elephant (Vaults:3)
  2 red draconians
  A spark wasp (Spider:4)
  A spectral titan (Depths:3)
  2 deep elf annihilators (Elf:3)
  2 bunyips
  A crystal guardian (Vaults:4)
  An eidolon (Crypt:3)
  2 deep elf death magi
  A mummy priest (Depths:3)
  2 jiangshi
  A fire dragon (Depths:4)
  2 ettins
  A great orb of eyes (Depths:2)
  7 vault guards
  A peacekeeper (Vaults:4)
  2 yaktaur captains (Vaults:1)
  A rakshasa (D:14)
  2 spriggan air magi
  An ironbound frostheart (Vaults:1)
  2 hydras (Swamp:4)
  A two-headed ogre (shapeshifter) (Vaults:2)
  3 boulder beetles
  3 centaur warriors (Vaults:3)
  A radroach (Spider:4)
  3 dancing weapons (Elf:2)
  An alligator (Swamp:4)
  2 spriggan berserkers (Depths:4)
  2 spriggans (Swamp:1)
  4 skeletal warriors
  A pharaoh ant (Spider:3)
  A spectral spark wasp (Depths:3)
  A sun moth (Spider:1)
  A goliath frog (Swamp:4)
  10 deep trolls
  5 ironbound convokers
  A glowing orange brain (Depths:2)
  7 swamp dragons (Swamp:4)
  A deep elf archer (Elf:1)
  A wizard (Vaults:4)
  An orb spider (Spider:4)
  2 phantasmal warriors (Vaults:5)
  A bog body (Swamp:1)
  A lindwurm (Vaults:1)
  An obsidian statue (Depths:3)
  3 steelbarb worms (Spider:4)
  A flayed ghost (Crypt:3)
  An orc sorcerer (Orc:2)
  A deep elf pyromancer (Elf:1)
  An orc knight (Orc:2)
  A deep elf zephyrmancer (Elf:1)
  A mana viper (shapeshifter) (Vaults:3)
  2 ugly things
  A will-o-the-wisp (Swamp:4)
  2 demonic crawlers
  A vault sentinel (Vaults:3)
  A naga mage (Vaults:1)
  An orange demon (Lair:5)
  A storm dragon simulacrum (Vaults:2)
  A purple draconian zombie (Crypt:3)
  A spectral glowing shapeshifter (Depths:3)
  2 yaktaurs (Vaults:1)
  A freezing wraith (Vaults:2)
  A tengu conjurer (Depths:1)
  A catoblepas skeleton (Crypt:2)
  4 guardian mummies (Depths:3)
  5 tyrant leeches
  A harpy zombie (Crypt:1)
  A bloated husk (Swamp:4)
  3 tarantellas
  2 hornets
  9 slime creatures
  3 jumping spiders
  A flying skull (Crypt:3)
  A water elemental (Elf:1)
  A culicivora (Spider:1)
  A wraith (Crypt:3)
  3 redbacks
  A glowing shapeshifter zombie (Depths:2)
  A swamp worm (Swamp:1)
  A water moccasin (Lair:4)
  A glowing shapeshifter skeleton (Depths:2)
  8 orc warriors (Orc:2)
  A demonspawn skeleton (Crypt:3)
  A boggart (Vaults:1)
  A human zombie (Vaults:4)
  A human skeleton (Vaults:3)
  An orc priest (Orc:2)
  2 orc wizards (Orc:2)
  A river rat (Lair:4)
  An orc (Orc:2)
214 creatures vanquished.

Vanquished Creatures (others)
  2 deep elf knights (Elf:3)
  A deep elf pyromancer (D:14)
  A tengu conjurer (Depths:2)
  2 bloated husks
  A yak (D:12)
  An orc warrior (Orc:2)
  3 howler monkeys (D:12)
  2 orc wizards
  A frilled lizard (D:10)
  8 foxfires (Swamp:4)
  55 fungi
  48 plants
125 creatures vanquished.

Grand Total: 2232 creatures vanquished

Notes
Turn   | Place    | Note
-------+----------+-------------------------------------------
     0 | D:1      | LLlMATKO the Minotaur Berserker began the quest for the
                  | Orb.
     0 | D:1      | Reached XP level 1. HP: 19/19 MP: 0/0
   191 | D:1      | Reached XP level 2. HP: 27/27 MP: 1/1
   678 | D:1      | Reached XP level 3. HP: 33/33 MP: 2/2
  1063 | D:2      | Found a bloodstained altar of Trog.
  1251 | D:2      | Reached ** piety under Trog
  1295 | D:2      | Noticed Sigmund
  1305 | D:2      | Killed Sigmund
  1306 | D:2      | Reached XP level 4. HP: 41/41 MP: 3/3
  1306 | D:2      | Reached XP level 5. HP: 47/47 MP: 4/4
  1440 | D:2      | Reached skill level 5 in Axes
  1731 | D:3      | Found a glowing drain.
  1734 | D:3      | Reached skill level 5 in Fighting
  1742 | Sewer    | Entered a sewer
  1856 | Sewer    | Reached XP level 6. HP: 52/56 MP: 5/5
  1976 | D:3      | Found a radiant altar of Vehumet.
  2557 | D:3      | Found a shimmering altar of Xom.
  2941 | D:4      | Noticed Pikel
  2953 | D:4      | Killed Pikel
  2954 | D:4      | Reached skill level 5 in Armour
  2954 | D:4      | Reached skill level 5 in Dodging
  2954 | D:4      | Reached XP level 7. HP: 64/64 MP: 6/6
  3217 | D:4      | Found a basalt altar of Yredelemnul.
  3223 | D:4      | Found a glowing golden altar of the Shining One.
  3225 | D:4      | Noticed an angel
  3382 | D:4      | Noticed Grinder
  3393 | D:4      | Paralysed by Grinder for 2 turns
  3403 | D:4      | Paralysed by Grinder for 2 turns
  3405 | D:4      | Killed Grinder
  3406 | D:4      | Reached XP level 8. HP: 39/71 MP: 7/7
  3651 | D:4      | Found a runed translucent door.
  3652 | D:4      | Noticed Crazy Yiuf
  3966 | D:4      | Killed Crazy Yiuf
  4025 | D:5      | Entered Level 5 of the Dungeon
  4392 | D:5      | Noticed Eustachio
  4426 | D:5      | Killed Eustachio
  4615 | D:5      | Noticed Edmund
  4635 | D:5      | Killed Edmund
  5104 | D:6      | Reached XP level 9. HP: 71/81 MP: 8/8
  5175 | D:6      | Found a burning altar of Makhleb.
  5620 | D:6      | Reached *** piety under Trog
  5989 | D:6      | Noticed Duvessa
  5989 | D:6      | Noticed Dowan
  6004 | D:6      | Killed Dowan
  6005 | D:6      | Killed Duvessa
  6744 | D:7      | Noticed Prince Ribbit
  6745 | D:7      | Found a staircase to the Ecumenical Temple.
  6751 | D:7      | Killed Prince Ribbit
  7362 | D:8      | Reached XP level 10. HP: 91/91 MP: 9/9
  7449 | D:8      | Identified the +1 leather armour of the Sacrificial Victim
                  | {Harm Stlth+}
  7462 | D:8      | Found a snail-covered altar of Cheibriados.
  7614 | D:8      | Noticed Erica
  7628 | D:8      | Killed Erica
  7629 | D:8      | Reached skill level 10 in Fighting
  7871 | D:8      | Noticed a two-headed ogre
  7875 | D:8      | Noticed Grum
  7876 | D:8      | Reached skill level 10 in Axes
  7878 | D:8      | Killed a two-headed ogre
  7885 | D:8      | Killed Grum
  7886 | D:8      | Reached skill level 10 in Armour
  8220 | D:8      | Reached **** piety under Trog
  8221 | D:8      | Noticed Amaemon
  8224 | D:8      | Noticed an orange demon
  8231 | D:8      | Killed Amaemon
  8235 | D:8      | Killed an orange demon
  8323 | D:8      | You are sucked into a shaft and drop 3 floors!
  8361 | D:11     | Found Anint's Distillery.
  8390 | D:11     | Found Inafut's Assorted Antiques.
  8426 | D:11     | Found a staircase to the Orcish Mines.
  8455 | D:11     | Reached XP level 11. HP: 66/101 MP: 10/10
  8489 | D:11     | Found Rumeel's Distillery.
  8530 | D:11     | Found Tufeklat's Distillery.
  8545 | D:11     | Found a gate leading to a gauntlet.
  8552 | Gauntlet | Entered a Gauntlet
  8552 | Gauntlet | Found a transporter.
  8552 | Gauntlet | Found a runed translucent gate.
  8552 | Gauntlet | Found a runed translucent gate.
  8556 | Gauntlet | Found a runed translucent gate.
  8559 | Gauntlet | Found a transporter.
  8561 | Gauntlet | Found a transporter.
  8566 | Gauntlet | Noticed a necromancer
  8572 | Gauntlet | Found a transporter.
  8574 | Gauntlet | Found a transporter.
  8583 | Gauntlet | Found a transporter.
  8601 | Gauntlet | Noticed a reaper
  8608 | Gauntlet | Found a transporter.
  8615 | Gauntlet | Found a transporter.
  8626 | Gauntlet | Found a runed translucent door.
  8627 | Gauntlet | Found a transporter.
  8642 | Gauntlet | Found a runed translucent door.
  8646 | Gauntlet | Found a transporter.
  8660 | Gauntlet | Found a transporter.
  8706 | Gauntlet | Noticed an entropy weaver
  8723 | Gauntlet | Found a transporter.
  8726 | Gauntlet | Found a transporter.
  8912 | Gauntlet | Found a transporter.
  8999 | Gauntlet | Noticed a minotaur
  9006 | Gauntlet | Killed a minotaur
  9007 | Gauntlet | Reached skill level 10 in Dodging
  9086 | D:11     | Found an ancient bone altar of Kikubaaqudgha.
  9902 | D:11     | Found Velypob's Jewellery Boutique.
 10214 | D:10     | Entered Level 10 of the Dungeon
 10326 | D:10     | Found a shimmering blue altar of Sif Muna.
 10434 | D:10     | Noticed Joseph
 10442 | D:10     | Killed Joseph
 10565 | D:10     | Found an opulent altar of Gozag.
 10641 | D:10     | Found a stormy altar of Qazlal.
 11097 | D:10     | Found Iplyoso's Antique Weapon Emporium.
 11102 | D:10     | Reached ***** piety under Trog
 11277 | D:9      | Reached XP level 12. HP: 98/113 MP: 11/11
 11678 | D:9      | Found an ornate altar of the Wu Jian Council.
 12146 | D:9      | Found an iron altar of Okawaru.
 12581 | D:8      | Found a staircase to the Lair.
 12619 | D:8      | Found a transporter.
 12809 | D:8      | Found a transporter.
 13038 | Lair:1   | Entered Level 1 of the Lair of Beasts
 13585 | Lair:1   | Identified the +8 mace of Apnotut {venom, Fragile rElec
                  | SInv}
 13716 | Lair:1   | Identified the staff of conjuration "Nouf" {rElec rF+
                  | rCorr}
 14468 | Lair:2   | Found a staircase to the Swamp.
 14550 | Lair:2   | Noticed a four-headed hydra
 14560 | Lair:2   | Killed a one-headed hydra
 15128 | Lair:3   | Identified the +10 sling of Ucargh {drain, *Slow rElec rN++
                  | Str+3}
 15170 | Lair:3   | Identified the +3 leather armour of the Valley of Death
                  | {rElec rN+ Dex+4}
 15224 | Lair:3   | Identified the scarf of Gravitas {harm, Str+3}
 15365 | Lair:3   | Found a hole to the Spider Nest.
 15784 | Lair:3   | Reached XP level 13. HP: 123/123 MP: 12/12
 16004 | Lair:4   | Reached skill level 1 in Shields
 16220 | Lair:4   | Identified the +5 falchion "Pavox" {drain, Will- Int+3
                  | Dex+8}
 16568 | Lair:4   | Received a gift from Trog
 17650 | Lair:5   | Entered Level 5 of the Lair of Beasts
 17773 | Lair:5   | Reached skill level 5 in Shields
 18041 | Lair:5   | Found a staircase to the Slime Pits.
 18041 | Lair:5   | Found a viscous altar of Jiyva.
 18209 | Lair:5   | Noticed Urug
 18214 | Lair:5   | Killed Urug
 18232 | Lair:5   | Identified a scroll of acquirement
 18232 | Lair:5   | Acquired the +0 buckler of the Falcon {rN++ Int+2 Dex+2}
 18310 | Lair:5   | Reached XP level 14. HP: 133/133 MP: 13/13
 18590 | Lair:5   | Reached skill level 15 in Fighting
 18693 | Lair:5   | Reached skill level 15 in Axes
 19283 | Lair:5   | Found a burning altar of Makhleb.
 19306 | Lair:5   | Reached skill level 15 in Armour
 19658 | Lair:5   | Found a gateway to Hell.
 20439 | D:12     | Found a shimmering altar of Xom.
 21345 | D:12     | Found a shimmering altar of Xom.
 21639 | Orc:1    | Entered Level 1 of the Orcish Mines
 21830 | Orc:1    | Received a gift from Trog
 22360 | Orc:2    | Entered Level 2 of the Orcish Mines
 22364 | Orc:2    | Noticed Azrael
 22380 | Orc:2    | Killed Azrael
 22436 | Orc:2    | Found a staircase to the Elven Halls.
 22857 | Orc:2    | Noticed Saint Roka
 22874 | Orc:2    | Killed Saint Roka
 22875 | Orc:2    | Reached XP level 15. HP: 106/143 MP: 14/14
 22881 | Orc:2    | Received a gift from Trog
 23924 | Orc:2    | Found Xoczyra's Antique Armour Boutique.
 23924 | Orc:2    | Found Duiptuoq's Assorted Antiques.
 23925 | Orc:2    | Found Jeustrac's Weapon Shop.
 23925 | Orc:2    | Found Vaist's Book Boutique.
 24409 | D:13     | Identified the +0 leather armour of Anecaorgh {rF+ rCorr}
 24509 | D:13     | Found a runed translucent gate.
 24510 | D:13     | Found a runed translucent gate.
 24510 | D:13     | Found an opulent altar of Gozag.
 24511 | D:13     | Found a runed translucent gate.
 24513 | D:13     | Found Quoloizxau's Assorted Antiques.
 24513 | D:13     | Noticed Gasan's ghost (journeyman DrFE)
 24581 | D:13     | Found Kouwo's Assorted Antiques.
 25399 | D:13     | Killed Gasan's ghost
 25533 | D:14     | Reached skill level 15 in Dodging
 25644 | D:14     | Noticed Josephine
 25654 | D:14     | Killed Josephine
 25733 | D:14     | Found Ytic's Weapon Shop.
 26174 | D:14     | Noticed Rupert
 26187 | D:14     | Reached skill level 10 in Shields
 26188 | D:14     | Killed Rupert
 26194 | D:14     | Found a gate to the Vaults.
 26452 | D:15     | Entered Level 15 of the Dungeon
 26454 | D:15     | Found a staircase to the Depths.
 26455 | D:15     | Noticed a fire giant
 26473 | D:15     | Killed a fire giant
 27648 | Spider:1 | Entered Level 1 of the Spider Nest
 27685 | Spider:1 | Reached XP level 16. HP: 154/154 MP: 15/15
 27728 | Spider:1 | Found the +16 obsidian axe {drain, demonic, Mesm Drain Fly
                  | SInv}
 29039 | Spider:2 | Noticed Louise
 29051 | Spider:2 | Killed Louise
 29640 | Spider:3 | Noticed Nikola
 29653 | Spider:3 | Killed Nikola
 29662 | Spider:3 | Noticed Jorgrun
 29667 | Spider:3 | Killed Jorgrun
 30667 | Spider:4 | Entered Level 4 of the Spider Nest
 30667 | Spider:4 | Noticed Arachne
 30685 | Spider:4 | Killed Arachne
 31217 | Spider:4 | Reached XP level 17. HP: 154/163 MP: 16/16
 31456 | Spider:4 | Identified the scarf "Suci" {shadows, rPois Str+6 Int-4}
 31458 | Spider:4 | Got a gossamer rune of Zot
 32078 | Swamp:1  | Entered Level 1 of the Swamp
 32759 | Swamp:2  | Received a gift from Trog
 32787 | Swamp:2  | Identified the +6 trident of Fortitude {freeze, rF++ Dex+3}
 34535 | Swamp:4  | Entered Level 4 of the Swamp
 34832 | Swamp:4  | Reached XP level 18. HP: 137/174 MP: 17/17
 35125 | Swamp:4  | Found a large runed translucent door.
 35125 | Swamp:4  | Found a large runed translucent door.
 35125 | Swamp:4  | Noticed Termiter's ghost (adept DsNe)
 35204 | Swamp:4  | Noticed the 27-headed Lernaean hydra
 35214 | Swamp:4  | Killed the 26-headed Lernaean hydra
 35569 | Swamp:4  | Got a decaying rune of Zot
 35673 | Swamp:4  | Killed Termiter's ghost
 35960 | Elf:1    | Entered Level 1 of the Elven Halls
 36268 | Elf:1    | Received a gift from Trog
 36579 | Elf:1    | Found Xogi's Antique Armour Shop.
 36628 | Elf:1    | Noticed Asterion
 36640 | Elf:1    | Killed Asterion
 37025 | Elf:2    | Found a runed translucent door.
 37051 | Elf:2    | Found a runed translucent door.
 38631 | Elf:3    | Entered Level 3 of the Elven Halls
 38837 | Elf:3    | Received a gift from Trog
 39000 | Elf:3    | Reached skill level 15 in Shields
 39644 | Elf:3    | Noticed Aizul
 39654 | Elf:3    | Killed Aizul
 40084 | Elf:3    | Reached XP level 19. HP: 184/184 MP: 18/18
 40404 | Elf:3    | Identified the +10 great sword of Axoma {flame, *Slow rElec
                  | rPois rCorr}
 40404 | Elf:3    | Identified the ring of Fun {rPois rF+ MP+9 Str-5 SInv}
 40404 | Elf:3    | Noticed a Tzitzimitl
 40699 | Elf:3    | Identified the +8 rapier of Indomitability {heavy, +Blink
                  | rC+}
 45105 | Elf:3    | Identified the +1 ring mail of Cheibriados's Esteem {Harm
                  | Int+2}
 45989 | Vaults:1 | Entered Level 1 of the Vaults
 46620 | Vaults:1 | Found a large runed translucent door.
 46620 | Vaults:1 | Found a large runed translucent door.
 46621 | Vaults:1 | Noticed mantisjm's ghost (veteran HOFi)
 47532 | Vaults:1 | Killed mantisjm's ghost
 47836 | Vaults:2 | Found a transporter.
 47836 | Vaults:2 | Noticed a dread lich
 47836 | Vaults:2 | Noticed Zonian's ghost (adept HOFi)
 47857 | Vaults:2 | Found a transporter.
 47981 | Vaults:2 | Reached XP level 20. HP: 195/195 MP: 19/19
 48190 | Vaults:2 | Found Isaud's Weapon Boutique.
 48268 | Vaults:2 | Identified the +2 spear "Izxun" {drain, rElec rPois Str+3}
 48645 | Vaults:2 | Received a gift from Trog
 48853 | Vaults:2 | Killed a dread lich
 48855 | Vaults:2 | HP: 10/282 [Zonian's ghost (24)]
 48860 | Vaults:2 | Killed Zonian's ghost
 49272 | Vaults:3 | Received a gift from Trog
 49478 | Vaults:3 | Found a staircase to the Crypt.
 49975 | Vaults:3 | Found Poiteog's Armour Shop.
 50250 | Vaults:3 | Received a gift from Trog
 50279 | Vaults:3 | Reached ****** piety under Trog
 50715 | Vaults:4 | Reached XP level 21. HP: 198/199 MP: 20/20
 51173 | Vaults:4 | Noticed a golden dragon
 51185 | Vaults:4 | Killed a golden dragon
 51905 | Vaults:4 | Received a gift from Trog
 52055 | Crypt:1  | Entered Level 1 of the Crypt
 52595 | Crypt:1  | Gained mutation: Armour fits poorly on your strangely
                  | shaped body. [a neqoxec]
 53466 | Crypt:2  | Received a gift from Trog
 53935 | Crypt:1  | Found a basalt altar of Yredelemnul.
 54277 | Crypt:2  | Identified the +4 hand axe of Ozexkoma {elec, rF+}
 54576 | Crypt:3  | Entered Level 3 of the Crypt
 54793 | Crypt:3  | Noticed a curse toe
 54800 | Crypt:3  | Killed a curse toe
 54802 | Crypt:3  | Reached XP level 22. HP: 144/212 MP: 21/21
 55146 | Crypt:3  | Found the +8 Vampire's Tooth {megavamp}
 55905 | Crypt:3  | Noticed Vv
 55921 | Crypt:3  | Killed Vv
 55921 | Crypt:3  | Received a gift from Trog
 56201 | Crypt:3  | Found a staircase to the Tomb.
 56694 | Crypt:3  | Identified the ring of Ter Kir {rN+ Will++}
 56694 | Crypt:3  | Identified the ring "Pazie" {rN+ Slay+5}
 56694 | Crypt:3  | Identified the ring of the Five Runes {+Blink rN+ Dex+3}
 56710 | Crypt:3  | Identified the +5 great sword of Defiance {flame, rPois}
 58048 | Depths:1 | Entered Level 1 of the Depths
 58096 | Depths:1 | Identified the +5 ring mail of Intuition {Dex+2}
 58365 | Depths:1 | Found a one-way gate leading to the halls of Pandemonium.
 58461 | Depths:1 | Identified the +5 hand axe "Xayzacoi" {drain, Int+4}
 58600 | Depths:1 | Found a blossoming altar of Fedhas.
 58736 | Depths:1 | Found Mouttoab's Jewellery Shop.
 58737 | Depths:1 | Found Norivump's Book Shoppe.
 58738 | Depths:1 | Found Mul Zack's Jewellery Shop.
 58982 | Depths:2 | You are sucked into a shaft and drop 1 floor!
 58998 | Depths:3 | Identified the +6 hand axe "Gafaupegom" {heavy, *Corrode
                  | Dex+4} (Trog gifted it to you on level 3 of the Depths)
 58998 | Depths:3 | Received a gift from Trog
 59054 | Depths:2 | Found a one-way gateway to a ziggurat.
 59398 | Depths:2 | Noticed Sojobo
 59410 | Depths:2 | Paralysed by an air elemental for 1 turns
 59417 | Depths:2 | Killed Sojobo
 60391 | Depths:2 | Found a runed translucent gate.
 60393 | Depths:2 | Found a runed translucent gate.
 60393 | Depths:2 | Noticed Termiter's ghost (veteran DsNe)
 60394 | Depths:2 | Found a runed translucent gate.
 60662 | Depths:2 | Found a viscous altar of Jiyva.
 60677 | Depths:2 | Reached XP level 23. HP: 227/227 MP: 22/22
 60679 | Depths:2 | Killed Termiter's ghost
 60711 | Depths:2 | Identified the +2 whip of Vanity {flame, Fly Str+3}
 60965 | Depths:3 | Found a one-way gate to the infinite horrors of the Abyss.
 61947 | Depths:3 | Gained mutation: You sometimes lose your temper in combat.
                  | [a neqoxec]
 62358 | Depths:3 | Received a gift from Trog
 62409 | Depths:3 | Noticed a royal mummy
 62417 | Depths:3 | Killed a royal mummy
 63043 | Depths:3 | Found a one-way gate to the infinite horrors of the Abyss.
 63508 | Depths:4 | Entered Level 4 of the Depths
 63518 | Depths:4 | Noticed a caustic shrike
 63519 | Depths:4 | Noticed a caustic shrike
 63522 | Depths:4 | Noticed a caustic shrike
 63525 | Depths:4 | Killed a caustic shrike
 63533 | Depths:4 | Noticed a caustic shrike
 63535 | Depths:4 | Killed a caustic shrike
 63535 | Depths:4 | Noticed a caustic shrike
 63536 | Depths:4 | Killed a caustic shrike
 63546 | Depths:4 | Killed a caustic shrike
 63549 | Depths:4 | Killed a caustic shrike
 64214 | Depths:4 | Found a gate to the Realm of Zot.
 65095 | Depths:4 | Noticed a juggernaut
 65095 | Depths:4 | Noticed a caustic shrike
 65101 | Depths:4 | Killed a caustic shrike
 65110 | Depths:4 | Killed a juggernaut
 65349 | Depths:4 | Reached XP level 24. HP: 229/239 MP: 22/22
 65378 | Depths:4 | Identified the ring "Tiawn" {rPois rF+ rC+ Int-2 Stlth+}
 65403 | Depths:4 | Identified the staff of earth "Egimew" {rF++ Str+4 Int+2}
 65665 | Vaults:5 | Entered Level 5 of the Vaults
 65830 | Vaults:5 | Received a gift from Trog
 65835 | Vaults:5 | Gained mutation: You have hidden genetic potential. [a
                  | neqoxec]
 65970 | Vaults:5 | Found Ydicecla's Armour Shop.
 66117 | Vaults:5 | Identified the +1 longbow of Drought {freeze, rF+++ rC-
                  | SInv Stlth+}
 66356 | Vaults:5 | Got a silver rune of Zot
 66362 | Vaults:5 | Found Weveabaz's Distillery.
 66534 | Vaults:5 | Received a gift from Trog
 66612 | Vaults:5 | Identified the ring "Mezompeu" {Fire +Blink rN+ Str+4}
 66686 | Vaults:5 | Identified the amulet of Cemisetiodd {Acrobat rCorr Int-4
                  | Slay+3 Stlth+}
 66856 | Vaults:5 | Identified the +3 quarterstaff of the Changing Genius
                  | {heavy, rN+}
 66947 | Vaults:5 | Noticed a dread lich
 66961 | Vaults:5 | Killed a dread lich
 67461 | Vaults:5 | Identified the +6 sling "Qyamep" {flame, Fly rElec Str-2
                  | Int+5}
 67584 | Vaults:5 | Identified the ring "Ydwul" {Will+ Str+6 Int+5}
 67614 | Vaults:5 | Found Waoli Ufequ's Magic Scroll Boutique.
 67626 | Vaults:5 | Bought a scroll of enchant armour for 150 gold pieces
 67626 | Vaults:5 | Bought a scroll of enchant armour for 150 gold pieces
 67777 | Vaults:5 | Identified the staff of earth "Ojoroora" {Fragile +Blink
                  | Dex+3}
 67944 | Vaults:5 | Found Ydicecla's Armour Shop.
 67988 | Vaults:5 | Found Waoli Ufequ's Magic Scroll Boutique.
 68353 | Vaults:5 | Found Weveabaz's Distillery.
 68835 | Orc:2    | Bought a scroll of magic mapping for 202 gold pieces
 69927 | Zot:1    | Entered Level 1 of the Realm of Zot
 70170 | Zot:1    | Identified the +2 cloak of Existentialism {rPois Regen+
                  | rCorr Str-3}
 70183 | Zot:1    | HP: 2/243 [yellow draconian annihilator/glob of acid (18)]
 70183 | Zot:1    | Constricted to death by a tentacled monstrosity

Illustrated notes

Levels and vault maps discovered:
D:1:      grunt_arrival_lava_bath, layout_rooms, serial_aquarium,
          aquarium_bridge_long_separate [aquarium_subvault_wall,
          aquarium_subvault_window, aquarium_subvault_bridge,
          aquarium_subvault_wall, aquarium_subvault_bridge,
          aquarium_subvault_window], aquarium_window_1, aquarium_window_fake,
          aquarium_view_4, aquarium_view_2d
D:2:      layout_basic, basic_altar, minmay_misc_feat_square, interstate_on_off,
          uniq_sigmund
D:3:      layout_basic, mainiacjoe_overflow_paths,
          mainiacjoe_overflow_small_starburst, portal_sewer_entry_d, hex_tiny
D:4:      layout_loops_ring, grunt_temple_overflow_holy_war, uniq_pikel,
          uniq_crazy_yiuf_cottage, uniq_grinder
D:5:      layout_gridville, serial_glass, glass_columns_c, glass_columns_b,
          grunt_tough_drop, uniq_edmund, uniq_eustachio
D:6:      layout_basic, mainiacjoe_overflow_concentric_impassable, uniq_duvessa
D:7:      layout_basic, minmay_temple_entry_nine_rooms, uniq_prince_ribbit1
D:8:      cheibrodos_statue_roulette, layout_loops_ring, kennysheep_slug_shrine,
          grunt_lair_entry_orc_guard_hut, nicolae_diode_stairs, uniq_grum,
          uniq_amaemon, uniq_erica
D:9:      layout_cave_pods, okawaru_humans, nzn_wu_jian_contemplation,
          minivault_21
D:10:     lemuel_reptile_caves, layout_basic,
          nicolae_gozag_cash_rules_everything_around_me,
          mainiacjoe_overflow_tiny_flanked, nicolae_overflow_hidden_temple,
          serial_shops, shop, uniq_joseph
D:11:     layout_roguey, hiddenorc2_lemuel, serial_corexii_hall,
          chequers_hall_statues_corner_a, corexii_hall_statues_l,
          corexii_hall_statues_i, serial_shops, nicolae_shop_trees,
          nicolae_shop_tiny_real_fake_doors, kennysheep_mini, shop,
          nicolae_shop_rolling_square, gauntlet_entry_generic,
          lemuel_zombie_altar_kikubaaqudgha
D:12:     layout_roguey, special_room [special_room_orc], xom_confusion_cloud
D:13:     layout_loops_ring, ebering_ghost_gozag, minmay_holes
D:14:     layout_basic, david_vaults_3, serial_shops, nicolae_shop_tiny_glass,
          chequers_serial_rivers_small_b, uniq_josephine
D:15:     grunt_enter_depths_giant_problem, layout_irregular_city,
          hangedman_decor_points
Lair:1:   layout_loops_ring, grunt_megastairs_3
Lair:2:   layout_loops_ring, minmay_swamp_entry_swarm, lemuel_fruit_fields
Lair:3:   layout_regular_city, hellmonk_spider_entry_life_and_decay
Lair:4:   regret_index_tunnel_blossom, layout_cave_pods,
          kennysheep_basilisk_garden, lemuel_fruit_tree
Lair:5:   evil_forest, layout_regular_city, nicolae_slime_entry_field_trip,
          chequers_serial_rivers_large_a, chequers_serial_rivers_micro_d,
          uniq_urug
Swamp:1:  layout_falls_marsh, nicolae_swamp_rocky_clearing,
          infiniplex_staircase_pool
Swamp:2:  layout_basic_swamp, nicolae_swamp_tree_isthmus
Swamp:3:  layout_basic_swamp, serial_swamp_ruin, evilmike_swamp_ruin_house_3,
          evilmike_swamp_ruin_rubble_1, evilmike_swamp_ruin_house_2
Swamp:4:  swamp_old_school, layout_basic_swamp, ebering_ghost_disaster_area
Spider:1: layout_spider_delve, hangedman_spider_tarantella_strand
Spider:2: layout_cave_pods, uniq_louise
Spider:3: layout_spider_delve, nicolae_orb_stairs, uniq_jorgrun, uniq_nikola
Spider:4: hellmonk_spider_rune_bug_friends, uniq_arachne
Orc:1:    layout_caves, nooodl_orcs_dogs
Orc:2:    st_orc_pillars, layout_diamond_mine, uniq_azrael, uniq_saint_roka
Elf:1:    hangedman_staggered_hall, layout_loops_cross, serial_shops,
          nicolae_shop_hallway_stairs, hangedman_elf_disciples, uniq_asterion
Elf:2:    elven_hall_of_blades_hangedman_original
          [nicolae_blade_entry_splitting_headache], layout_geoelf_diagonals
Elf:3:    minmay_elf_hall_x, layout_gridlike, serial_co_window_serial,
          co_window_of_opportunity_a, co_window_cross_1, co_window_corner_a,
          co_window_paths_b, co_window_paths_b, co_window_paths_c,
          co_window_cross_2, co_window_corner_b, co_window_broadway_b,
          co_window_paths_c, glass_columns_a, glass_columns_a, glass_columns_c,
          glass_columns_c, uniq_aizul
Vaults:1: ebering_ghost_disaster_area, v_misc_33, ontoclasm_vaults_chip,
          nicolae_vaults_diagonal_hallway_8, nicolae_vaults_murderbox,
          hangedman_vaults_river_flow, nicolae_vaults_storage_room_statues,
          nicolae_vaults_storage_closets_1, nicolae_vaults_mini_display_case,
          nicolae_vaults_tetromino_L_1, nicolae_vaults_wine_cellar,
          grunt_vaults_focal, nicolae_vaults_trapezoid_lopsided_4,
          vaults_dpeg_hooks, layout_vaults_maze, serial_hangedman_research,
          hangedman_research_convocations, hangedman_research_quantum
Vaults:2: gammafunk_ghost_mausoleum, nicolae_vaults_more_shelving_1,
          nicolae_vaults_house_1, v_misc_31, vaults_room_pools, v_misc_5,
          layout_vaults_omnigrid, serial_shops, nicolae_square_shop
Vaults:3: minmay_crypt_entry_skeletal_spiral, nicolae_vaults_ring_of_whatevers,
          nicolae_vaults_diamond_2, v_rooms_4,
          nicolae_vaults_trapezoid_lopsided_1, hangedman_vaults_slither,
          nicolae_vaults_taking_the_gang_shopping, v_misc_4,
          nicolae_vaults_closet_pinwheel_4, hangedman_vaults_cutoff,
          nicolae_vaults_diamond_2, nicolae_vaults_double_plus_1,
          nicolae_vaults_layer_cake_slice,
          nicolae_vaults_corridor_and_loot_room, layout_vaults_omnicross
Vaults:4: nicolae_vaults_two_Ls, nicolae_vaults_security_offices_1, v_misc_22,
          nicolae_vaults_trapezoid_lopsided_3, v_alt_pattern_3,
          nicolae_vaults_shelves_hall, nicolae_vaults_network_quincunx
          [nicolae_vaults_network_quincunx_subvault,
          nicolae_vaults_network_quincunx_subvault,
          nicolae_vaults_network_quincunx_subvault,
          nicolae_vaults_network_quincunx_subvault,
          nicolae_vaults_network_quincunx_subvault],
          ontoclasm_vaults_claustrophobia, hangedman_vaults_hat,
          vaults_room_grunt_arrival_checkpoint, v_pattern_3,
          layout_vaults_omnibox
Vaults:5: serial_shops
Crypt:1:  layout_misc_corridors, special_room [special_room_morgue],
          lemuel_freeze_loot_1, lemuel_upstairs_altar
Crypt:2:  layout_basic
Crypt:3:  david_glass_crypt, layout_basic, tomb_entry_shell_bobbens,
          st_stairs_10, serial_sigils_hangedman_writhe, uniq_josephina, uniq_vv,
          uniq_grunn
Depths:1: layout_gridlike, grunt_mini_vestibule, minmay_misc_feat_diagonals,
          pan_entry, fedhas_altar_3, minmay_shop_grove
Depths:2: minmay_quantized_circle, layout_gridlike, enter_ziggurat_c,
          gammafunk_ghost_ooze, pan_entry, skrybe_limestone_x,
          hangedman_geh_valley, uniq_sojobo
Depths:3: lemuel_minitomb, layout_honeycomb, abyss_entry,
          nicolae_figureground_pulse, hangedman_coc_ice_floe,
          serial_bayou_shore_a
Depths:4: grunt_x_marks_the_spot, layout_cave_shapes,
          chequers_serial_rivers_micro_d, pf_hell_entry_tar_river,
          minmay_the_grid_2x2 [minmay_the_grid_dragon_a,
          minmay_the_grid_artifice, minmay_the_grid_fan,
          minmay_the_grid_prize_trominoes]
Zot:1:    layout_onion_interference, st_small_dragon_hoard_3

Skill      XL: |  1  2  3  4  5  6  7  8  9 10 11 12 13 14 15 16 17 18 19 20 21 22 23 24 |
---------------+-------------------------------------------------------------------------+-----
Axes           | 4 5 6 7 9 10 12 13 14 15 16 18 19 20 21 22 23 24 25 | 25.2
Fighting       | 4 5 6 7 9 10 12 13 14 15 16 18 19 20 21 22 23 24 25 | 25.2
Armour         | 3 4 5 6 7 9 10 12 13 14 15 16 17 18 19 20 21 22 23 24 25 | 25.1
Dodging        | 3 5 6 8 9 11 12 13 14 15 16 17 18 19 20 21 22 23 | 23.3
Shields        | 5 8 10 12 13 15 16 17 18 19 21 22 | 22.1

Action                     |  1- 3 |  4- 6 |  7- 9 | 10-12 | 13-15 | 16-18 | 19-21 | 22-24 || total
---------------------------+-------+-------+-------+-------+-------+-------+-------+-------++-------
  Melee: Hand axe          |    76 |   103 |   206 |     5 |       |       |       |       ||   390
         Headbutt          |     8 |    20 |    55 |    61 |   196 |   195 |   364 |   362 ||  1261
         Punch             |       |     1 |     5 |       |     1 |       |       |       ||     7
         Battleaxe         |       |       |    44 |   380 |   143 |       |       |       ||   567
         Broad axe         |       |       |       |       |   735 |   929 |  1255 |  1145 ||  4064
  Throw: Throwing net      |       |       |     1 |       |       |     1 |       |       ||     2
         Dart              |       |       |     1 |     4 |       |     5 |     1 |     3 ||    14
 Invoke: Berserk           |     1 |     3 |     8 |     6 |    16 |     7 |    12 |     7 ||    60
         Trog's Hand       |       |       |       |     4 |     9 |    14 |    23 |    26 ||    76
         Brothers in Arms  |       |       |       |       |     9 |     8 |     5 |     5 ||    27
  Evoke: Wand              |       |       |       |       |       |       |       |     3 ||     3
    Use: Scroll            |       |       |       |     5 |    26 |     6 |    12 |     4 ||    53
   Stab: Petrifying        |       |       |       |       |     1 |       |       |       ||     1
         Distracted        |       |       |       |       |       |    11 |    16 |    19 ||    46
         Held in net/web   |       |       |       |       |       |     1 |       |       ||     1
 Armour: Animal skin       |     5 |       |       |       |       |       |       |       ||     5
         Chain mail        |    14 |    13 |    82 |   204 |   284 |   220 |    14 |       ||   831
         Plate armour      |       |    24 |    46 |       |       |       |   103 |       ||   173
         Gold dragon scale |       |       |       |       |       |       |   121 |   258 ||   379
  Dodge: Dodged            |    45 |    41 |   144 |   500 |   693 |   466 |   327 |   259 ||  2475
         Repelled          |       |       |       |       |    17 |     7 |       |       ||    24
  Block: Other             |       |       |       |    35 |    67 |       |       |       ||   102
         Buckler           |       |       |       |       |   397 |    77 |       |       ||   474
         Reflection        |       |       |       |       |    40 |    34 |    74 |    29 ||   177
         Tower shield      |       |       |       |       |       |   803 |  1077 |   953 ||  2833
